 Dungeon Crawl Stone Soup version 0.32-a0-913-g739538afd8 (webtiles) character file.

Game seed: 978895644132305976

5400 ragingrage the Grappler (level 10, -13/76 HPs)
             Began as a Barachi Shapeshifter on Apr 8, 2024.
             Was an Elder of Cheibriados.
             Killed from afar by an acid dragon (26 damage)
             ... with a splash of acid
             ... on level 9 of the Dungeon.
             The game lasted 00:17:53 (13568 turns).

ragingrage the Grappler (Barachi Shapeshifter)     Turns: 13568, Time: 00:17:53

Health: -13/76     AC: -10   Str: 27      XL:     10   Next: 66%
Magic:  14/14      EV: 18    Int: 25 (27) God:    Cheibriados [****..]
Gold:   427        SH:  0    Dex: 23 (24) Spells: 3/9 levels left

rFire   . .          .
                       - Unarmed
rCold   . . .        (shield currently unavailable)
rNeg    . . .        l - melded +0 ring mail
rPois   .            z - +0 helmet
rElec   .            Q - +0 cloak
rCorr   .            (no gloves)
SInv    .            (no boots)
Will    .....        R - amulet of the acrobat
Stlth   +            n - +6 ring of intelligence
HPRegen 0.32/turn    m - ring of wizardry
MPRegen 0.14/turn

%: acrobat, wizardry (x1)
@: lethally poisoned (-13 -> -17), about to teleport, flux-form, corroded,
glowing, very slow
A: glow, contaminating, amphibious, slowness 1, strong legs 1, +LOS
a: Hop, Begin Untransformation, Renounce Religion, Bend Time, Temporal
Distortion, Slouch


You were on level 9 of the Dungeon.
You worshipped Cheibriados.
Cheibriados was greatly pleased with you.
You were something dangerously unstable.
You visited 2 branches of the dungeon, and saw 10 of its levels.

You collected 427 gold pieces.

Inventory:

Hand Weapons
 b - the +2 sling "Totien" {heavy, Dex+6 Stlth+}
   (You took it off Grum on level 8 of the Dungeon)

   Dex+6:     It affects your dexterity (+6).
   Stlth+:    It makes you more stealthy.
Missiles
 E - 26 poisoned darts (quivered)
 F - 5 throwing nets
 M - 2 javelins
Armour
 l - a +0 ring mail (melded)
 r - +0 steam dragon scales
 z - a +0 helmet (worn)
 A - a +2 kite shield
 Q - a +0 cloak (worn)
 S - the +18 shield of the Gong {Loud rN+ Will+ rCorr EV-5}
   (You found it on level 8 of the Dungeon)

   Loud:      It is deafeningly noisy when blocking attacks.
   EV-5:      It affects your evasion (-5).
   rN+:       It protects you from negative energy.
   Will+:     It increases your willpower.
   rCorr:     It protects you from acid and corrosion.
Magical Staves
 j - a staff of death
Jewellery
 f - a ring of flight
 m - a ring of wizardry (right hand)
 n - a +6 ring of intelligence (left hand)
 C - a +6 ring of dexterity
 R - an amulet of the acrobat (around neck)
Talismans
 d - a flux talisman (active)
 N - a serpent talisman
Wands
 H - a wand of roots (10)
Scrolls
 e - a scroll of vulnerability {unknown}
 g - a scroll of immolation
 h - a scroll of poison
 i - a scroll of silence
 k - 5 scrolls of teleportation
 t - 8 scrolls of identify {unknown}
 w - 2 scrolls of butterflies {unknown}
 y - 4 scrolls of fear {unknown}
 D - 2 scrolls of blinking {unknown}
 G - a scroll of enchant weapon {unknown}
 I - a scroll of fog {unknown}
 J - a scroll of enchant armour {unknown}
 K - 3 scrolls of revelation {unknown}
 O - 2 scrolls of acquirement {unknown}
 P - a scroll of noise {unknown}
Potions
 a - a potion of cancellation {unknown}
 o - a potion of heal wounds
 p - 3 potions of might
 q - 2 potions of attraction
 s - 6 potions of curing
 u - a potion of lignification
 v - 3 potions of brilliance {unknown}
 x - 4 potions of mutation {unknown}
 B - a potion of berserk rage {unknown}
 L - 2 potions of haste {unknown}


   Skills:
 - Level 5.9 Fighting
 - Level 4.9 Dodging
 - Level 2.0 Stealth
 - Level 9.2 Unarmed Combat
 - Level 3.0 Necromancy
 - Level 6.0 Ice Magic
 + Level 5.8 Invocations
 + Level 8.0 Shapeshifting


You had 3 spell levels left.
You knew the following spells:

 Your Spells              Type           Power      Damage    Failure   Level
a - Ozocubu's Armour      Ice            30%        N/A       1%          3
b - Fugue of the Fallen   Necr           15%        N/A       4%          3

Your spell library contained the following spells:

 Spells                   Type           Power      Damage    Failure   Level
 Ensorcelled Hibernation  Hex/Ice        30%        N/A       2%          2
 Animate Dead             Necr           15%        N/A       16%         4
 Anguish                  Hex/Necr       3%         N/A       28%         4
 Animate Armour           Summ/Erth      0%         N/A       45%         4
 Summon Lightning Spire   Summ/Air       0%         N/A       45%         4
 Borgnjor's Vile Clutch   Necr/Erth      3%         N/A       58%         5
 Lee's Rapid Deconstruct  Erth           0%         3d4*      80%         5
 Death Channel            Necr           7%         N/A       91%         6
 Manifold Assault         Tloc           0%         N/A       100%        7


Dungeon Overview and Level Annotations

Branches:
Dungeon (9/15)             Temple (1/1) D:6
   Lair: D:8-11         Orc: D:9-12

Altars:
Ashenzari
Cheibriados
Dithmenos
Elyvilon
Fedhas
Gozag
Hepliaklqana
Kikubaaqudgha
Makhleb
Okawaru
Qazlal
Ru
Sif Muna
Uskayaw
Vehumet
Wu Jian
Xom
Yredelemnul
Zin
The Shining One

Shops:
D:8 :

Annotations:
D:5 exclusion: bombardier beetle


Innate Abilities, Weirdness & Mutations

You are something dangerously unstable.
You glow with magical radiation, making you easy to see and hit.
Foes you strike become dangerously contaminated with magical radiation.
You are incapable of wielding weapons or throwing items.
You are amphibious.
You cover ground slowly.
You can hop short distances.
You have an extended range of vision and can be seen from far away.


Message History

You hit the acid dragon but do no damage.
The acid dragon begins to glow.
The acid dragon spits acid at you. The splash of acid hits you!
The acid corrodes you!
You hear an angry buzzing noise. x3
You punch the acid dragon!
The acid dragon glows dangerously bright.
You barely miss the acid dragon. The acid dragon bites you.
The acid dragon claws you.
You hit the acid dragon but do no damage.
The acid dragon shudders as magic cascades through it.
The acid dragon twists and deforms.
A killer bee comes into view.
The acid dragon bites you. The acid dragon misses you.
You hit the acid dragon.
The acid dragon begins to glow.
A killer bee comes into view. x2
The acid dragon spits acid at you. The splash of acid hits you!
The acid corrodes you!
The killer bee buzzes angrily. x2; You hear an angry buzzing noise.
You completely miss the acid dragon.
A killer bee comes into view.
The acid dragon closely misses you. The acid dragon completely misses you.
A killer bee comes into view.
You barely miss the acid dragon. You barely miss the acid dragon.
The acid dragon spits acid at you. The splash of acid hits you!!
* * * LOW HITPOINT WARNING * * *
The acid corrodes you!
You hear an angry buzzing noise.
You hear an angry hiss.
As you read the scroll of teleportation, it crumbles to dust.
You feel strangely unstable. The killer bee stings you.
* * * LOW HITPOINT WARNING * * *
You are poisoned.
The killer bee poisons you! The acid dragon spits acid at you.
The splash of acid hits you!!
You die...
Cheibriados appreciates the motionlessness of death.

................. ....
.......[......$.. ....
................ ....
............... .. ....
........≈....# ... ....
.......≈≈≈...# ...###...
........≈....###....#....
.........................
.......Dp................
.......yy................
.........................
.....y..y................
..≈.....y................
§≈§≈.....................
§§§......................
........###..............
........ #.........†....


You could see an acid dragon (contam, catching breath, misshapen) and 5 killer
bees.

Vanquished Creatures
  A gargoyle (D:8)
  2 vault sentinels (D:7)
  Maggie (D:8)
  Jeremiah (D:8)
  A wyvern (D:7)
  Grum (D:8)
  A steam dragon (D:8)
  An acid dragon (D:9)
  A water moccasin (D:9)
  A sky beast (D:7)
  4 orc warriors
  A black bear (D:5)
  2 wolves (D:7)
  2 centaurs
  An ogre (D:6)
  3 kobold brigands
  2 bullfrogs (D:6)
  3 gnoll sergeants
  2 scorpions (D:7)
  4 wights
  5 killer bees (D:9)
  A jelly (D:7)
  A crimson imp (D:4)
  7 hounds
  5 orc priests
  Crazy Yiuf (D:7)
  A gnoll bouda (D:9)
  3 sleepcaps
  4 iguanas
  7 orc wizards
  20 gnolls
  8 adders
  2 shadow imps (D:6)
  A white imp (D:5)
  A ribbon worm (D:3)
  3 dart slugs
  30 orcs
  2 ball pythons
  8 bats
  6 endoplasms
  5 giant cockroaches
  7 goblins
  8 hobgoblins
  4 jackals (D:9)
  16 kobolds
  4 quokkas
  2 frilled lizards
  2 rats
199 creatures vanquished.

Notes
Turn   | Place    | Note
-------+----------+-------------------------------------------
     0 | D:1      | ragingrage the Barachi Shapeshifter began the quest for the
                  | Orb.
     0 | D:1      | Reached XP level 1. HP: 15/15 MP: 1/1
   118 | D:1      | Reached skill level 1 in Stealth
   118 | D:1      | Reached XP level 2. HP: 12/21 MP: 2/2
   367 | D:1      | Reached XP level 3. HP: 18/26 MP: 3/3
   372 | D:1      | Reached skill level 4 in Unarmed Combat
   583 | D:2      | Found a snail-covered altar of Cheibriados.
   633 | D:2      | Became a worshipper of Cheibriados the Contemplative
  1668 | D:3      | Reached XP level 4. HP: 32/32 MP: 4/4
  1749 | D:3      | Reached skill level 1 in Necromancy
  1872 | D:3      | Learned a level 3 spell: Fugue of the Fallen
  1917 | D:3      | Reached * piety under Cheibriados
  2126 | D:3      | Found a stormy altar of Qazlal.
  2126 | D:3      | Found a shadowy altar of Dithmenos.
  2129 | D:3      | Found a snail-covered altar of Cheibriados.
  2129 | D:3      | Found a hide-covered altar of Uskayaw.
  2545 | D:4      | Reached XP level 5. HP: 27/37 MP: 5/5
  3223 | D:4      | Found a radiant altar of Vehumet.
  3224 | D:4      | Found a burning altar of Makhleb.
  3228 | D:4      | Reached skill level 5 in Unarmed Combat
  3332 | D:5      | Entered Level 5 of the Dungeon
  3422 | D:5      | Reached XP level 6. HP: 42/43 MP: 6/6
  3529 | D:5      | Reached ** piety under Cheibriados
  4026 | D:6      | Found a staircase to the Ecumenical Temple.
  4026 | D:6      | Noticed a black bear
  4036 | D:5      | Killed a black bear
  4324 | D:6      | Reached skill level 6 in Unarmed Combat
  4341 | D:6      | Reached XP level 7. HP: 16/48 MP: 7/7
  4449 | D:6      | Learned a level 3 spell: Ozocubu's Armour
  4654 | D:6      | Reached skill level 1 in Ice Magic
  4920 | D:6      | Reached skill level 7 in Unarmed Combat
  5719 | D:5      | Reached XP level 8. HP: 50/54 MP: 8/8
  5865 | D:6      | Reached *** piety under Cheibriados
  5909 | D:6      | Reached skill level 8 in Unarmed Combat
  5929 | Temple   | Entered the Ecumenical Temple
  6186 | D:7      | Reached skill level 5 in Shapeshifting
  7419 | D:6      | Reached skill level 5 in Ice Magic
  8264 | D:7      | Found a runed translucent door.
  8346 | D:7      | Reached XP level 9. HP: 61/63 MP: 7/9
  8411 | D:7      | Noticed Crazy Yiuf
  8990 | D:7      | Killed Crazy Yiuf
  9243 | D:8      | Noticed Grum
  9658 | D:8      | Identified the +2 sling "Totien" {heavy, Dex+6 Stlth+}
  9665 | D:8      | Noticed Maggie
  9803 | D:8      | Noticed Jeremiah
 10308 | D:8      | Noticed a gargoyle
 10369 | D:8      | Killed a gargoyle
 10538 | D:8      | Noticed a vault sentinel
 11073 | D:8      | Reached skill level 5 in Fighting
 11445 | D:9      | Reached **** piety under Cheibriados
 11904 | D:8      | Killed Jeremiah
 11905 | D:8      | Reached skill level 9 in Unarmed Combat
 11905 | D:8      | Reached XP level 10. HP: 61/76 MP: 10/10
 12060 | D:8      | Killed Grum
 12153 | D:9      | Reached skill level 1 in Invocations
 12324 | D:8      | Noticed a vault sentinel
 12452 | D:7      | Killed a vault sentinel
 12622 | D:7      | Killed a vault sentinel
 12684 | D:8      | Killed Maggie
 12885 | D:8      | Found the +18 shield of the Gong {Loud rN+ Will+ rCorr
                  | EV-5}
 12928 | D:8      | Found Yseuc's Tremendous Tomes.
 13006 | D:9      | Reached skill level 5 in Invocations
 13568 | D:9      | Killed from afar by an acid dragon

Illustrated notes

Levels and vault maps discovered:
D:1:      scummos_arrival_checkerplants, layout_rooms, minmay_tromino_i2
D:2:      layout_rooms, basic_altar
D:3:      kennysheep_six_static_rooms, layout_loops_ring,
          mainiacjoe_overflow_alcove_3, small_statue_intersection,
          minmay_misc_feat_tower, minmay_unequal
D:4:      layout_basic, grunt_temple_overflow_lords_of_destruction
D:5:      layout_basic
D:6:      layout_loops_ring, minmay_temple_entry_glass
D:7:      layout_basic, serial_glass, glass_columns_b, glass_columns_b,
          glass_columns_a, glass_columns_b, uniq_crazy_yiuf_cottage
D:8:      layout_basic, nicolae_shop_i_like_big_books,
          hellmonk_guarded_unrand_gong, uniq_jeremiah, uniq_grum, uniq_maggie
D:9:      layout_big_octagon, trog_wizard, serial_gnoll_camp,
          gnoll_camp_huts_basic, gnoll_camp_mini_hut, gnoll_camp_mini_doghouse,
          gnoll_camp_medium_02
Temple:   nicolae_temple_two_arcs

Skill      XL: |  1  2  3  4  5  6  7  8  9 10 |
---------------+-------------------------------+-----
Stealth        | 1 2 |  2.0
Unarmed Combat | 4 5 6 7 8 9 |  9.2
Necromancy     | 1 2 3 |  3.0
Shapeshifting  | 4 6 7 8 |  8.0
Ice Magic      | 4 5 6 |  6.0
Fighting       | 3 5 |  5.9
Dodging        | 4 |  4.9
Invocations    | 5 |  5.8

Action                     |  1- 3 |  4- 6 |  7- 9 | 10-12 || total
---------------------------+-------+-------+-------+-------++-------
  Melee: Unarmed           |   112 |   152 |   317 |   138 ||   719
         Punch             |     2 |    13 |     3 |       ||    18
  Throw: Throwing net      |       |     2 |     2 |       ||     4
         Dart              |       |     1 |     8 |       ||     9
   Cast: Ozocubu's Armour  |       |       |    27 |     9 ||    36
         Fugue of the Fall |       |       |     4 |     4 ||     8
 Invoke: Slouch            |       |       |       |     1 ||     1
Ability: Hop               |     1 |     2 |     7 |     1 ||    11
  Evoke: Wand              |       |       |     5 |     1 ||     6
    Use: Potion            |     1 |     4 |     2 |     1 ||     8
         Scroll            |       |     4 |       |     2 ||     6
   Stab: Sleeping          |       |     3 |       |       ||     3
         Held in net/web   |       |       |     2 |       ||     2
         Distracted        |       |       |     1 |       ||     1
 Armour: Animal skin       |    34 |       |       |       ||    34
         Ring mail         |    35 |    92 |   124 |       ||   251
         Skin              |     1 |     8 |   107 |    88 ||   204
  Dodge: Dodged            |    63 |    74 |   212 |   195 ||   544
   Form: Flux              |       |       |     1 |       ||     1

Table legend: (Time is in decaauts)
 A = Elapsed time spent in this place.
 B = Non-inter-level travel time spent in this place.
 C = Inter-level travel time spent in this place.
 D = Time resting spent in this place.
 E = Time spent auto-exploring this place.
 F = Levels seen in this place.
 G = Mean time per level.
                   A        B        C        D        E       F      G
               +--------+--------+--------+--------+--------+-----+--------+
         Total |  17746 |  16699 |   1047 |   5747 |   8249 |  10 | 1774.6 |
       Dungeon |  17745 |  16698 |   1047 |   5747 |   8249 |   9 | 1971.7 |
        Temple |      1 |      1 |      0 |      0 |      0 |   1 |    1.0 |
               +--------+--------+--------+--------+--------+-----+--------+

Top non-repeatable levels by time:
     D:7: 4780 daAuts
     D:8: 2882 daAuts
     D:6: 2879 daAuts
     D:5: 2156 daAuts
     D:3: 1558 daAuts
     D:4: 1450 daAuts
     D:2: 809 daAuts
     D:1: 655 daAuts
     D:9: 572 daAuts
  Temple: 1 daAuts
